Red Wings vs Maple Leafs
Created - May 17, 2024 at 20:20
Goals
|
| Red Wings |
1 |
1 |
0 |
2 |
| Maple Leafs |
0 |
1 |
2 |
3 |
|
Shots
|
| Red Wings |
8 |
11 |
4 |
23 |
| Maple Leafs |
10 |
13 |
10 |
33 |
|
1st period
1. Red Wings , Connor Brown 2 (Dylan Larkin 1, Charlie Coyle 2) at 10:52 (PP)
Penalties :
Luke Schenn (TOR) for Tripping (Minor) at 10:47, Ben Smith (TOR) for Hooking (Minor) at 14:43
2nd period
2. Red Wings , Cal Clutterbuck 1 (Greg Stewart 2, T.J. Hensick 4) at 1:23
3. Maple Leafs , Andre Burakovsky 2 (Jason Zucker 4, Aleksander Barkov 3) at 6:54
Penalties :
Danton Heinen (Det) for Cross-checking (Minor) at 18:40
3rd period
4. Maple Leafs , Evander Kane 2 (John Klingberg 3) at 12:35 (PP)
5. Maple Leafs , Ben Smith 6 (Jon Merrill 1, Evander Kane 3) at 17:29 (PP)
Penalties :
Braydon Coburn (Det) for Interference (Minor) at 2:00, Dylan Larkin (Det) for Roughing (Minor) at 12:22, Greg Stewart (Det) for Hooking (Minor) at 13:22, Cal Clutterbuck (Det) for Hooking (Minor) at 17:13
Goalie Stats
Ondrej Pavelec (Det), 30 saves from 33 shots - (0.909), L, 2-1-0, 59:12 minutes
Pavel Francouz (TOR), 21 saves from 23 shots - (0.913), W, 1-0-0, 60:00 minutes
Players Stats for Red Wings
Player Name G A P +/- PIM S H SB GA TA FO MP PP MP PK MP
------------------------------------------------------------------------------------
Alex DeBrincat 0 0 0 0 0 1 3 0 0 0 2/3 16:29 1:12 0:00
Braydon Coburn 0 0 0 0 2 0 1 1 0 0 0/0 18:57 0:04 2:49
Cal Clutterbuck 1 0 1 1 2 3 2 0 0 0 0/0 12:19 0:15 0:49
Carson Mcmillan 0 0 0 0 0 0 2 4 0 1 0/0 14:13 0:11 5:00
Charlie Coyle 0 1 1 0 0 4 1 0 1 0 11/13 18:00 0:52 0:37
Connor Brown 1 0 1 -1 0 3 4 1 0 0 0/0 17:02 0:41 0:00
Danton Heinen 0 0 0 -1 2 2 2 1 0 0 0/0 16:02 0:41 0:17
Drew Fata 0 0 0 1 0 0 2 1 0 0 0/0 18:29 0:00 1:38
Dylan Larkin 0 1 1 -1 2 3 0 0 0 1 9/14 16:54 0:37 0:00
Greg Stewart 0 1 1 1 2 2 1 0 0 0 1/1 12:24 1:19 0:20
Jake Gardiner 0 0 0 1 0 1 1 1 0 1 0/0 20:14 1:19 1:59
Jeff Schultz 0 0 0 -1 0 0 1 5 0 1 0/0 22:42 0:00 4:48
Jonathan Drouin 0 0 0 0 0 0 1 0 1 0 2/2 17:45 1:12 0:00
Jussi Jokinen 0 0 0 0 0 1 1 0 0 0 0/0 8:50 0:00 0:00
Mike Richards 0 0 0 0 0 1 0 0 1 0 0/2 9:42 0:00 0:49
Philip Samuelsson 0 0 0 -1 0 2 1 4 1 1 0/0 22:16 0:45 0:00
Roland McKeown 0 0 0 0 0 0 0 1 0 1 0/0 14:06 0:00 1:38
T.J. Hensick 0 1 1 1 0 0 1 0 0 0 8/18 17:05 1:12 5:00
Players Stats for Maple Leafs
Player Name G A P +/- PIM S H SB GA TA FO MP PP MP PK MP
------------------------------------------------------------------------------------
Aleksander Barkov 0 1 1 1 0 1 1 0 0 1 7/18 15:18 1:46 0:34
Andre Burakovsky 1 0 1 1 0 8 2 0 1 0 0/0 14:46 1:46 0:00
Ben Smith 1 0 1 -1 2 4 2 0 0 0 0/0 22:55 4:40 0:00
Bo Horvat 0 0 0 -1 0 1 3 0 0 0 8/22 23:34 4:40 0:35
Brandon Saad 0 0 0 0 0 2 2 0 0 0 0/0 9:39 0:00 0:47
Brenden Dillon 0 0 0 1 0 0 0 3 0 1 0/0 14:22 0:00 0:00
Elias Pettersson 0 0 0 0 0 1 1 0 0 0 2/5 12:04 0:00 0:25
Evander Kane 1 1 2 -1 0 8 1 0 2 0 0/3 23:30 4:40 0:38
Haydn Fleury 0 0 0 1 0 0 0 2 0 0 0/0 14:35 0:00 0:00
Jason Zucker 0 1 1 1 0 2 3 0 0 0 2/2 16:17 1:46 1:09
John Klingberg 0 1 1 -1 0 0 0 0 2 0 0/0 25:06 4:47 1:18
Jon Merrill 0 1 1 0 0 2 3 0 0 1 0/0 27:33 4:47 1:18
Luke Schenn 0 0 0 -1 2 0 0 1 0 0 0/0 17:18 1:39 0:46
Nicholas Baptiste 0 0 0 0 0 1 1 0 0 0 0/0 9:03 0:00 0:00
Patrice Cormier 0 0 0 0 0 0 0 1 0 0 1/2 8:52 0:00 0:00
Pontus Aberg 0 0 0 0 0 1 1 0 0 1 0/0 11:31 0:00 0:00
Tye McGinn 0 0 0 0 0 0 1 0 1 0 0/1 11:29 0:00 0:00
Zach Werenski 0 0 0 0 0 2 3 0 0 0 0/0 20:02 1:39 0:46
3 Stars
1 - Andre Burakovsky (TOR)
2 - Evander Kane (TOR)
3 - Jason Zucker (TOR)
Power Play
Red Wings - 1 on 2 Attempt(s) - 50.00%
Maple Leafs - 2 on 5 Attempt(s) - 40.00%
Penalty Kill
Red Wings - 3 on 5 Attempt(s) - 60.00%
- Score 0 goal in Penalty Kill
Maple Leafs - 1 on 2 Attempt(s) - 50.00%
- Score 0 goal in Penalty Kill
Team Stat
Red Wings - Hits : 24 - Faceoff Wins : 33 - Blocked Shots : 19 - Penalty Minutes : 10
Maple Leafs - Hits : 24 - Faceoff Wins : 20 - Blocked Shots : 7 - Penalty Minutes : 4
Official
Referees : Eric Furlatt and Brandon Schrader
Linesman : Derek Amell and Ryan Daisy
Game Notes
No Game Note
Finance
Level 1 -- Attendance: 6000 (100.00%) -- Ticket Income $600,000
Level 2 -- Attendance: 5000 (100.00%) -- Ticket Income $300,000
Level 3 -- Attendance: 2000 (100.00%) -- Ticket Income $70,000
Level 4 -- Attendance: 4000 (100.00%) -- Ticket Income $100,000
Luxury Box -- Attendance: 1000 (100.00%) -- Ticket Income $200,000
Game was played at the Scotiabank Arena.
Total Attendance: 18000 (100.00%)
Total Ticket Income: $1,270,000
Other Income: $190,500
Total Income: $1,460,500
Red Wings
5 vs 5 Forward
Center Left Wing Right Wing Time % Phy DF OF
1 Dylan Larkin Danton Heinen Connor Brown 35 1 2 2
2 Charlie Coyle Alex DeBrincat Jonathan Drouin 35 1 2 2
3 T.J. Hensick Greg Stewart Cal Clutterbuck 20 1 2 2
4 Mike Richards Jussi Jokinen Carson Mcmillan 10 1 2 2
5 vs 5 Defense
Defense Defense Time % Phy DF OF
1 Philip Samuelsson Jeff Schultz 40 1 2 2
2 Jake Gardiner Drew Fata 30 1 2 2
3 Braydon Coburn Roland McKeown 20 1 2 2
4 Braydon Coburn Philip Samuelsson 10 1 2 2
PowerPlay Forward
Center Left Wing Right Wing Time % Phy DF OF
1 Charlie Coyle Dylan Larkin Connor Brown 60 1 2 2
2 T.J. Hensick Alex DeBrincat Jonathan Drouin 40 1 2 2
PowerPlay Defense
Defense Defense Time % Phy DF OF
1 Philip Samuelsson Danton Heinen 60 1 2 2
2 Jake Gardiner Greg Stewart 40 1 2 2
Penalty Kill 4 Players Forward
Center Wing Time % Phy DF OF
1 T.J. Hensick Carson Mcmillan 60 1 2 2
2 Mike Richards Cal Clutterbuck 40 1 2 2
Penalty Kill 4 Players Defense
Defense Defense Time % Phy DF OF
1 Braydon Coburn Jeff Schultz 60 1 2 2
2 Roland McKeown Drew Fata 40 1 2 2
Penalty Kill - 3 Players Forward
Forward Time % Phy DF OF
1 Carson Mcmillan 60 1 2 2
2 Cal Clutterbuck 40 1 2 2
Penalty Kill - 3 Players Defense
Defense Defense Time % Phy DF OF
1 Drew Fata Braydon Coburn 60 1 2 2
2 Roland McKeown Jeff Schultz 40 1 2 2
4 vs 4 Forward
Center Wing Time % Phy DF OF
1 Charlie Coyle Connor Brown 60 1 2 2
2 Dylan Larkin Greg Stewart 40 1 2 2
4 vs 4 Defense
Defense Defense Time % Phy DF OF
1 Jake Gardiner Jeff Schultz 60 1 2 2
2 Philip Samuelsson Drew Fata 40 1 2 2
Last Minutes Offensive
Center Left Wing Right Wing Defense Defense
Dylan Larkin Charlie Coyle Jonathan Drouin Philip Samuelsson Connor Brown
Last Minutes Defensive
Center Left Wing Right Wing Defense Defense
Charlie Coyle Cal Clutterbuck Carson Mcmillan Jake Gardiner Jeff Schultz
Goaltenders
Starting : Ondrej Pavelec
Backup : Igor Shesterkin
Extra Forwards
Normal : T.J. Hensick, Cal Clutterbuck, Greg Stewart - PP : T.J. Hensick, Cal Clutterbuck - PK : Charlie Coyle
Extra Defensemen
Normal : Roland McKeown, Drew Fata, Philip Samuelsson - PP : Braydon Coburn - PK : Jake Gardiner, Philip Samuelsson
Penalty Shots
Dylan Larkin, Connor Brown, Alex DeBrincat, Carson Mcmillan, Danton Heinen
Custom OT Lines Forwards
Dylan Larkin, Connor Brown, Charlie Coyle, Greg Stewart, Danton Heinen, Jonathan Drouin, T.J. Hensick, Carson Mcmillan, Alex DeBrincat, Cal Clutterbuck
Custom OT Lines Defensemen
Philip Samuelsson, Jake Gardiner, Jeff Schultz, Roland McKeown, Drew Fata
Scratches
Brendan Woods (Healthy), Colten Teubert (Healthy), Dalton Prout (Healthy), Maxime Macenauer (Healthy)
Maple Leafs
5 vs 5 Forward
Center Left Wing Right Wing Time % Phy DF OF
1 Bo Horvat Evander Kane Ben Smith 40 1 2 2
2 Aleksander Barkov Jason Zucker Andre Burakovsky 30 1 2 2
3 Elias Pettersson Tye McGinn Pontus Aberg 20 1 2 2
4 Patrice Cormier Brandon Saad Nicholas Baptiste 10 1 2 2
5 vs 5 Defense
Defense Defense Time % Phy DF OF
1 Jon Merrill Zach Werenski 40 1 2 2
2 John Klingberg Luke Schenn 30 1 2 2
3 Haydn Fleury Brenden Dillon 20 1 2 2
4 Jon Merrill John Klingberg 10 1 2 2
PowerPlay Forward
Center Left Wing Right Wing Time % Phy DF OF
1 Bo Horvat Evander Kane Ben Smith 60 1 2 2
2 Aleksander Barkov Jason Zucker Andre Burakovsky 40 1 2 2
PowerPlay Defense
Defense Defense Time % Phy DF OF
1 Jon Merrill John Klingberg 60 1 2 2
2 Zach Werenski Luke Schenn 40 1 2 2
Penalty Kill 4 Players Forward
Center Wing Time % Phy DF OF
1 Bo Horvat Evander Kane 60 1 2 2
2 Aleksander Barkov Jason Zucker 40 1 2 2
Penalty Kill 4 Players Defense
Defense Defense Time % Phy DF OF
1 Jon Merrill John Klingberg 60 1 2 2
2 Zach Werenski Luke Schenn 40 1 2 2
Penalty Kill - 3 Players Forward
Forward Time % Phy DF OF
1 Bo Horvat 60 1 2 2
2 Aleksander Barkov 40 1 2 2
Penalty Kill - 3 Players Defense
Defense Defense Time % Phy DF OF
1 Jon Merrill John Klingberg 60 1 2 2
2 Zach Werenski Luke Schenn 40 1 2 2
4 vs 4 Forward
Center Wing Time % Phy DF OF
1 Bo Horvat Evander Kane 60 1 2 2
2 Aleksander Barkov Jason Zucker 40 1 2 2
4 vs 4 Defense
Defense Defense Time % Phy DF OF
1 Jon Merrill John Klingberg 60 1 2 2
2 Zach Werenski Luke Schenn 40 1 2 2
Last Minutes Offensive
Center Left Wing Right Wing Defense Defense
Bo Horvat Evander Kane Ben Smith Jon Merrill John Klingberg
Last Minutes Defensive
Center Left Wing Right Wing Defense Defense
Bo Horvat Evander Kane Ben Smith Jon Merrill John Klingberg
Goaltenders
Starting : Pavel Francouz
Backup : Kristers Gudlevskis
Extra Forwards
Normal : Jason Zucker, Aleksander Barkov, Tye McGinn - PP : Jason Zucker, Aleksander Barkov - PK : Jason Zucker
Extra Defensemen
Normal : Luke Schenn, Haydn Fleury, Brenden Dillon - PP : Luke Schenn - PK : Luke Schenn, Haydn Fleury
Penalty Shots
Evander Kane, Ben Smith, Bo Horvat, Andre Burakovsky, Jason Zucker
Custom OT Lines Forwards
Evander Kane, Ben Smith, Bo Horvat, Andre Burakovsky, Jason Zucker, Aleksander Barkov, Tye McGinn, Pontus Aberg, Brandon Saad, Patrice Cormier
Custom OT Lines Defensemen
Jon Merrill, John Klingberg, Zach Werenski, Luke Schenn, Haydn Fleury
Scratches
Brett Pesce (Healthy), Valentin Zykov (Healthy)
% Time on Ice - Red Wings
Lines # - Real PCT - Wanted PCT - Time Play
Normal Forward
1 - 34% - 35% - 16:59
2 - 32% - 35% - 15:55
3 - 18% - 20% - 9:13
4 - 16% - 10% - 8:12
Normal Defense
1 - 38% - 40% - 18:58
2 - 31% - 30% - 15:25
3 - 21% - 20% - 10:41
4 - 10% - 10% - 5:15
PP Forward
1 - 42% - 60% - 0:52
2 - 58% - 40% - 1:12
PP Defense
1 - 36% - 60% - 0:45
2 - 64% - 40% - 1:19
PK Forward
1 - 87% - 60% - 5:37
2 - 13% - 40% - 0:49
PK Defense
1 - 75% - 60% - 4:48
2 - 25% - 40% - 1:38
PK3 Forward
1 - 0% - 60%
2 - 0% - 40%
PK3 Defense
1 - 0% - 60%
2 - 0% - 40%
44 Forward
1 - 0% - 60%
2 - 0% - 40%
44 Defense
1 - 0% - 60%
2 - 0% - 40%
Last Minute Offensive - 1:11
Last Minute Defensive - 0:00
Total
Forward - 60:00
Defense - 60:00
|
% Time on Ice - Maple Leafs
Lines # - Real PCT - Wanted PCT - Time Play
Normal Forward
1 - 34% - 40% - 16:56
2 - 26% - 30% - 13:16
3 - 22% - 20% - 11:14
4 - 18% - 10% - 8:50
Normal Defense
1 - 35% - 40% - 17:48
2 - 26% - 30% - 12:54
3 - 30% - 20% - 15:11
4 - 9% - 10% - 4:23
PP Forward
1 - 73% - 60% - 4:40
2 - 27% - 40% - 1:46
PP Defense
1 - 74% - 60% - 4:47
2 - 26% - 40% - 1:39
PK Forward
1 - 73% - 60% - 1:30
2 - 27% - 40% - 0:34
PK Defense
1 - 63% - 60% - 1:18
2 - 37% - 40% - 0:46
PK3 Forward
1 - 0% - 60%
2 - 0% - 40%
PK3 Defense
1 - 0% - 60%
2 - 0% - 40%
44 Forward
1 - 0% - 60%
2 - 0% - 40%
44 Defense
1 - 0% - 60%
2 - 0% - 40%
Last Minute Offensive - 0:00
Last Minute Defensive - 1:14
Total
Forward - 60:00
Defense - 60:00
|
Play-by-Play
1st period
0:01 of 1st period - Dylan Larkin wins face-off versus Bo Horvat in neutral zone.
0:09 of 1st period - Icing by Zach Werenski.
0:10 of 1st period - Dylan Larkin wins face-off versus Bo Horvat in Maple Leafs zone.
0:39 of 1st period - Wrist shot by Evander Kane.
0:39 of 1st period - Stopped by Ondrej Pavelec with a rebound.
0:41 of 1st period - Wrist shot by Bo Horvat.
0:41 of 1st period - Stopped by Ondrej Pavelec without a rebound.
0:42 of 1st period - Charlie Coyle wins face-off versus Aleksander Barkov in Red Wings zone.
0:47 of 1st period - Wrist shot by Andre Burakovsky.
0:47 of 1st period - Stopped by Ondrej Pavelec with a rebound.
1:56 of 1st period - Luke Schenn is hit by Alex DeBrincat and loses puck.
2:09 of 1st period - Andre Burakovsky is hit by Connor Brown and loses puck.
3:08 of 1st period - Off-side.
3:09 of 1st period - Aleksander Barkov wins face-off versus Mike Richards in neutral zone.
4:04 of 1st period - Backhand shot by Dylan Larkin.
4:04 of 1st period - Stopped by Pavel Francouz with a rebound.
4:06 of 1st period - Slapshot by Jeff Schultz.
4:06 of 1st period - Shot Misses the Net.
4:08 of 1st period - Slapshot by Jeff Schultz.
4:08 of 1st period - Deflect By Connor Brown.
4:08 of 1st period - Stopped by Pavel Francouz without a rebound.
4:09 of 1st period - T.J. Hensick wins face-off versus Aleksander Barkov in Maple Leafs zone.
4:35 of 1st period - Cal Clutterbuck is hit by Zach Werenski and loses puck.
4:44 of 1st period - Wrist shot by Cal Clutterbuck.
4:44 of 1st period - Shot Misses the Net.
4:48 of 1st period - Wrist shot by T.J. Hensick.
4:48 of 1st period - Deflect By Cal Clutterbuck.
4:48 of 1st period - Shot Misses the Net.
4:48 of 1st period - Puck is out of play.
4:49 of 1st period - Charlie Coyle wins face-off versus Bo Horvat in Maple Leafs zone.
4:54 of 1st period - Ben Smith is hit by Alex DeBrincat and loses puck.
5:36 of 1st period - Snap shot by Pontus Aberg.
5:36 of 1st period - Stopped by Ondrej Pavelec with a rebound.
5:42 of 1st period - Jason Zucker is hit by Carson Mcmillan and loses puck.
6:45 of 1st period - Wrist shot by Connor Brown.
6:45 of 1st period - Shot Misses the Net.
7:55 of 1st period - Backhand shot by Greg Stewart.
7:55 of 1st period - Stopped by Pavel Francouz without a rebound.
7:56 of 1st period - Aleksander Barkov wins face-off versus Dylan Larkin in Maple Leafs zone.
8:10 of 1st period - Jeff Schultz is hit by Jason Zucker and loses puck.
8:33 of 1st period - Jonathan Drouin is hit by Evander Kane and loses puck.
8:48 of 1st period - Slapshot by Philip Samuelsson.
8:48 of 1st period - Stopped by Pavel Francouz without a rebound.
8:49 of 1st period - Elias Pettersson wins face-off versus T.J. Hensick in Maple Leafs zone.
9:14 of 1st period - Alex DeBrincat is hit by Ben Smith and loses puck.
9:22 of 1st period - Off-side.
9:23 of 1st period - Aleksander Barkov wins face-off versus Dylan Larkin in neutral zone.
9:35 of 1st period - Wrist shot by Andre Burakovsky.
9:35 of 1st period - Shot Blocked by Philip Samuelsson.
9:37 of 1st period - Slapshot by Zach Werenski.
9:37 of 1st period - Stopped by Ondrej Pavelec with a rebound.
9:39 of 1st period - Wrist shot by Jason Zucker.
9:39 of 1st period - Stopped by Ondrej Pavelec with a rebound.
9:49 of 1st period - Evander Kane is hit by Jeff Schultz and loses puck.
10:09 of 1st period - Off-side.
10:10 of 1st period - Greg Stewart wins face-off versus Elias Pettersson in neutral zone.
10:47 of 1st period - Minor Penalty to Luke Schenn for Tripping.
10:48 of 1st period - Charlie Coyle wins face-off versus Evander Kane in Maple Leafs zone.
10:52 of 1st period - Wrist shot by Connor Brown.
10:52 of 1st period - Goal by Connor Brown - Red Wings : 1 - Maple Leafs : 0.
10:53 of 1st period - Charlie Coyle wins face-off versus Aleksander Barkov in neutral zone.
11:09 of 1st period - Slapshot by Philip Samuelsson.
11:09 of 1st period - Stopped by Pavel Francouz without a rebound.
11:10 of 1st period - Bo Horvat wins face-off versus Dylan Larkin in Maple Leafs zone.
11:42 of 1st period - Snap shot by Andre Burakovsky.
11:42 of 1st period - Shot Misses the Net.
11:44 of 1st period - Slapshot by Jon Merrill.
11:44 of 1st period - Shot Blocked by Drew Fata.
11:46 of 1st period - Snap shot by Jason Zucker.
11:46 of 1st period - Shot Blocked by Jake Gardiner.
11:48 of 1st period - Snap shot by Andre Burakovsky.
11:48 of 1st period - Stopped by Ondrej Pavelec without a rebound.
11:49 of 1st period - Alex DeBrincat wins face-off versus Tye McGinn in Red Wings zone.
12:04 of 1st period - Slapshot by Tye McGinn.
12:04 of 1st period - Shot Misses the Net.
12:44 of 1st period - Snap shot by Cal Clutterbuck.
12:44 of 1st period - Stopped by Pavel Francouz without a rebound.
12:45 of 1st period - Jason Zucker wins face-off versus T.J. Hensick in Maple Leafs zone.
13:11 of 1st period - Braydon Coburn is hit by Nicholas Baptiste.
13:17 of 1st period - Slapshot by Nicholas Baptiste.
13:17 of 1st period - Shot Misses the Net.
13:20 of 1st period - Icing by Braydon Coburn.
13:21 of 1st period - Dylan Larkin wins face-off versus Bo Horvat in Red Wings zone.
13:21 of 1st period - Dylan Larkin is hit by Bo Horvat.
14:41 of 1st period - Wrist shot by Danton Heinen.
14:41 of 1st period - Shot Blocked by Brenden Dillon.
14:43 of 1st period - Minor Penalty to Ben Smith for Hooking.
14:44 of 1st period - Jason Zucker wins face-off versus T.J. Hensick in Maple Leafs zone.
14:57 of 1st period - Snap shot by Jason Zucker.
14:57 of 1st period - Stopped by Ondrej Pavelec without a rebound.
14:58 of 1st period - T.J. Hensick wins face-off versus Aleksander Barkov in Red Wings zone.
15:05 of 1st period - Snap shot by Jonathan Drouin.
15:05 of 1st period - Shot Misses the Net.
16:43 of 1st period - Penalty to Ben Smith is over, Ben Smith is back on ice.
16:44 of 1st period - Jon Merrill is hit by Connor Brown and loses puck.
18:21 of 1st period - Jake Gardiner is hit by Tye McGinn and loses puck.
18:42 of 1st period - Snap shot by Evander Kane.
18:42 of 1st period - Stopped by Ondrej Pavelec with a rebound.
18:44 of 1st period - Wrist shot by Andre Burakovsky.
18:44 of 1st period - Stopped by Ondrej Pavelec without a rebound.
18:45 of 1st period - Dylan Larkin wins face-off versus Aleksander Barkov in Red Wings zone.
19:02 of 1st period - Snap shot by Jussi Jokinen.
19:02 of 1st period - Stopped by Pavel Francouz with a rebound.
19:29 of 1st period - Haydn Fleury is hit by Jonathan Drouin and loses puck.
Goals for this period are 1 for Red Wings vs 0 for Maple Leafs.
Shots for this period are 8 for Red Wings vs 10 for Maple Leafs.
2nd period
0:01 of 2nd period - Aleksander Barkov wins face-off versus Charlie Coyle in neutral zone.
0:04 of 2nd period - Slapshot by Zach Werenski.
0:04 of 2nd period - Shot Blocked by Jeff Schultz.
0:12 of 2nd period - Slapshot by Charlie Coyle.
0:12 of 2nd period - Shot Misses the Net.
0:14 of 2nd period - Wrist shot by Alex DeBrincat.
0:14 of 2nd period - Stopped by Pavel Francouz without a rebound.
0:15 of 2nd period - Dylan Larkin wins face-off versus Bo Horvat in Maple Leafs zone.
0:30 of 2nd period - Snap shot by Zach Werenski.
0:30 of 2nd period - Stopped by Ondrej Pavelec with a rebound.
0:32 of 2nd period - Snap shot by Jon Merrill.
0:32 of 2nd period - Stopped by Ondrej Pavelec with a rebound.
1:08 of 2nd period - Snap shot by Elias Pettersson.
1:08 of 2nd period - Stopped by Ondrej Pavelec without a rebound.
1:09 of 2nd period - Bo Horvat wins face-off versus T.J. Hensick in Red Wings zone.
1:16 of 2nd period - Ben Smith is hit by Cal Clutterbuck and loses puck.
1:23 of 2nd period - Slapshot by Cal Clutterbuck.
1:23 of 2nd period - Goal by Cal Clutterbuck - Red Wings : 2 - Maple Leafs : 0.
1:24 of 2nd period - Aleksander Barkov wins face-off versus Charlie Coyle in neutral zone.
2:03 of 2nd period - Snap shot by Dylan Larkin.
2:03 of 2nd period - Stopped by Pavel Francouz without a rebound.
2:04 of 2nd period - Charlie Coyle wins face-off versus Aleksander Barkov in Maple Leafs zone.
2:07 of 2nd period - Snap shot by Charlie Coyle.
2:07 of 2nd period - Shot Misses the Net.
2:09 of 2nd period - Wrist shot by Charlie Coyle.
2:09 of 2nd period - Shot Misses the Net.
2:11 of 2nd period - Slapshot by Charlie Coyle.
2:11 of 2nd period - Stopped by Pavel Francouz with a rebound.
2:19 of 2nd period - Jon Merrill is hit by Drew Fata and loses puck.
3:31 of 2nd period - Alex DeBrincat is hit by Brandon Saad and loses puck.
3:55 of 2nd period - Ben Smith is hit by Danton Heinen and loses puck.
4:06 of 2nd period - Snap shot by Connor Brown.
4:06 of 2nd period - Stopped by Pavel Francouz with a rebound.
4:18 of 2nd period - Wrist shot by Tye McGinn.
4:18 of 2nd period - Shot Blocked by Roland McKeown.
4:26 of 2nd period - Snap shot by Zach Werenski.
4:26 of 2nd period - Shot Hit the Post.
4:42 of 2nd period - Wrist shot by Andre Burakovsky.
4:42 of 2nd period - Stopped by Ondrej Pavelec with a rebound.
4:56 of 2nd period - Mike Richards is hit by Jon Merrill and loses puck.
5:19 of 2nd period - Ben Smith is hit by Philip Samuelsson and loses puck.
6:22 of 2nd period - Off-side.
6:23 of 2nd period - Charlie Coyle wins face-off versus Patrice Cormier in neutral zone.
6:48 of 2nd period - Snap shot by Andre Burakovsky.
6:48 of 2nd period - Stopped by Ondrej Pavelec without a rebound.
6:49 of 2nd period - Aleksander Barkov wins face-off versus Dylan Larkin in Red Wings zone.
6:52 of 2nd period - Snap shot by Jason Zucker.
6:52 of 2nd period - Shot Blocked by Philip Samuelsson.
6:54 of 2nd period - Wrist shot by Andre Burakovsky.
6:54 of 2nd period - Goal by Andre Burakovsky - Red Wings : 2 - Maple Leafs : 1.
6:55 of 2nd period - Alex DeBrincat wins face-off versus Bo Horvat in neutral zone.
8:13 of 2nd period - John Klingberg is hit by Carson Mcmillan and loses puck.
8:38 of 2nd period - Wrist shot by Ben Smith.
8:38 of 2nd period - Deflect By Drew Fata.
8:38 of 2nd period - Stopped by Ondrej Pavelec with a rebound.
8:40 of 2nd period - Wrist shot by Evander Kane.
8:40 of 2nd period - Shot Misses the Net.
8:57 of 2nd period - Wrist shot by Aleksander Barkov.
8:57 of 2nd period - Stopped by Ondrej Pavelec without a rebound.
8:58 of 2nd period - Charlie Coyle wins face-off versus Aleksander Barkov in Red Wings zone.
9:25 of 2nd period - Braydon Coburn is hit by Bo Horvat and loses puck.
9:30 of 2nd period - Snap shot by Evander Kane.
9:30 of 2nd period - Stopped by Ondrej Pavelec with a rebound.
9:36 of 2nd period - Bo Horvat is hit by Danton Heinen and loses puck.
10:11 of 2nd period - Snap shot by Mike Richards.
10:11 of 2nd period - Stopped by Pavel Francouz without a rebound.
10:12 of 2nd period - Patrice Cormier wins face-off versus Mike Richards in Maple Leafs zone.
10:37 of 2nd period - Jussi Jokinen is hit by Jon Merrill and loses puck.
10:59 of 2nd period - Wrist shot by Brandon Saad.
10:59 of 2nd period - Shot Blocked by Carson Mcmillan.
11:38 of 2nd period - Snap shot by Patrice Cormier.
11:38 of 2nd period - Shot Blocked by Philip Samuelsson.
11:42 of 2nd period - Wrist shot by Nicholas Baptiste.
11:42 of 2nd period - Shot Misses the Net.
11:44 of 2nd period - Snap shot by Brandon Saad.
11:44 of 2nd period - Stopped by Ondrej Pavelec with a rebound.
11:50 of 2nd period - Wrist shot by Brandon Saad.
11:50 of 2nd period - Stopped by Ondrej Pavelec with a rebound.
11:52 of 2nd period - Wrist shot by Nicholas Baptiste.
11:52 of 2nd period - Stopped by Ondrej Pavelec without a rebound.
11:53 of 2nd period - Jonathan Drouin wins face-off versus Bo Horvat in Red Wings zone.
12:20 of 2nd period - Jon Merrill is hit by Connor Brown and loses puck.
13:31 of 2nd period - Snap shot by Danton Heinen.
13:31 of 2nd period - Shot Misses the Net.
13:37 of 2nd period - Danton Heinen is hit by Pontus Aberg and loses puck.
13:50 of 2nd period - Snap shot by Evander Kane.
13:50 of 2nd period - Shot Misses the Net.
14:26 of 2nd period - Snap shot by Greg Stewart.
14:26 of 2nd period - Stopped by Pavel Francouz with a rebound.
15:22 of 2nd period - Snap shot by Andre Burakovsky.
15:22 of 2nd period - Stopped by Ondrej Pavelec without a rebound.
15:23 of 2nd period - Charlie Coyle wins face-off versus Aleksander Barkov in Red Wings zone.
15:23 of 2nd period - Charlie Coyle is hit by Andre Burakovsky.
15:33 of 2nd period - Wrist shot by Charlie Coyle.
15:33 of 2nd period - Stopped by Pavel Francouz without a rebound.
15:34 of 2nd period - Dylan Larkin wins face-off versus Bo Horvat in Maple Leafs zone.
16:10 of 2nd period - Snap shot by Charlie Coyle.
16:10 of 2nd period - Stopped by Pavel Francouz with a rebound.
16:12 of 2nd period - Snap shot by Alex DeBrincat.
16:12 of 2nd period - Shot Misses the Net.
16:52 of 2nd period - Snap shot by Nicholas Baptiste.
16:52 of 2nd period - Shot Blocked by Jeff Schultz.
16:54 of 2nd period - Wrist shot by Patrice Cormier.
16:54 of 2nd period - Shot Misses the Net.
18:02 of 2nd period - Snap shot by Danton Heinen.
18:02 of 2nd period - Stopped by Pavel Francouz without a rebound.
18:03 of 2nd period - Charlie Coyle wins face-off versus Bo Horvat in Maple Leafs zone.
18:10 of 2nd period - Wrist shot by Jonathan Drouin.
18:10 of 2nd period - Shot Misses the Net.
18:18 of 2nd period - Haydn Fleury is hit by Alex DeBrincat.
18:37 of 2nd period - Wrist shot by Andre Burakovsky.
18:37 of 2nd period - Deflect By Jason Zucker.
18:37 of 2nd period - Shot Misses the Net.
18:37 of 2nd period - Puck is out of play.
18:38 of 2nd period - Dylan Larkin wins face-off versus Aleksander Barkov in Red Wings zone.
18:40 of 2nd period - Minor Penalty to Danton Heinen for Cross-checking.
18:41 of 2nd period - T.J. Hensick wins face-off versus Bo Horvat in Red Wings zone.
19:49 of 2nd period - Wrist shot by Charlie Coyle.
19:49 of 2nd period - Stopped by Pavel Francouz with a rebound.
19:51 of 2nd period - Slapshot by Drew Fata.
19:51 of 2nd period - Shot Blocked by Luke Schenn.
Goals for this period are 1 for Red Wings vs 1 for Maple Leafs.
Shots for this period are 11 for Red Wings vs 13 for Maple Leafs.
3rd period
0:01 of 3rd period - Bo Horvat wins face-off versus T.J. Hensick in neutral zone.
0:16 of 3rd period - Wrist shot by Evander Kane.
0:16 of 3rd period - Stopped by Ondrej Pavelec with a rebound.
0:26 of 3rd period - Carson Mcmillan is hit by Andre Burakovsky and loses puck.
0:40 of 3rd period - Penalty to Danton Heinen is over, Danton Heinen is back on ice.
0:55 of 3rd period - Jonathan Drouin is hit by Zach Werenski and loses puck.
1:05 of 3rd period - Off-side.
1:06 of 3rd period - Dylan Larkin wins face-off versus Bo Horvat in neutral zone.
1:11 of 3rd period - Wrist shot by Drew Fata.
1:11 of 3rd period - Shot Misses the Net.
1:13 of 3rd period - Slapshot by Jake Gardiner.
1:13 of 3rd period - Stopped by Pavel Francouz without a rebound.
1:14 of 3rd period - Dylan Larkin wins face-off versus Bo Horvat in Maple Leafs zone.
1:46 of 3rd period - Wrist shot by Evander Kane.
1:46 of 3rd period - Stopped by Ondrej Pavelec with a rebound.
1:48 of 3rd period - Wrist shot by Bo Horvat.
1:48 of 3rd period - Shot Blocked by Connor Brown.
1:50 of 3rd period - Snap shot by Jon Merrill.
1:50 of 3rd period - Shot Blocked by Danton Heinen.
1:52 of 3rd period - Snap shot by Zach Werenski.
1:52 of 3rd period - Deflect By Evander Kane.
1:52 of 3rd period - Stopped by Ondrej Pavelec with a rebound.
1:54 of 3rd period - Slapshot by Jon Merrill.
1:54 of 3rd period - Stopped by Ondrej Pavelec without a rebound.
1:55 of 3rd period - Aleksander Barkov wins face-off versus Alex DeBrincat in Red Wings zone.
1:56 of 3rd period - Wrist shot by Andre Burakovsky.
1:56 of 3rd period - Stopped by Ondrej Pavelec without a rebound.
1:57 of 3rd period - Charlie Coyle wins face-off versus Aleksander Barkov in Red Wings zone.
1:57 of 3rd period - Charlie Coyle is hit by Jason Zucker.
2:00 of 3rd period - Minor Penalty to Braydon Coburn for Interference.
2:01 of 3rd period - Bo Horvat wins face-off versus T.J. Hensick in Red Wings zone.
2:15 of 3rd period - Slapshot by Ben Smith.
2:15 of 3rd period - Deflect By Bo Horvat.
2:15 of 3rd period - Shot Blocked by Jeff Schultz.
2:15 of 3rd period - Puck is out of play.
2:16 of 3rd period - Bo Horvat wins face-off versus T.J. Hensick in Red Wings zone.
2:19 of 3rd period - Wrist shot by Bo Horvat.
2:19 of 3rd period - Shot Misses the Net.
2:21 of 3rd period - Wrist shot by Ben Smith.
2:21 of 3rd period - Shot Misses the Net.
2:23 of 3rd period - Slapshot by John Klingberg.
2:23 of 3rd period - Shot Blocked by Jeff Schultz.
2:25 of 3rd period - Wrist shot by Evander Kane.
2:25 of 3rd period - Shot Misses the Net.
2:27 of 3rd period - Backhand shot by John Klingberg.
2:27 of 3rd period - Deflect By Evander Kane.
2:27 of 3rd period - Stopped by Ondrej Pavelec without a rebound.
2:28 of 3rd period - T.J. Hensick wins face-off versus Bo Horvat in Red Wings zone.
2:36 of 3rd period - Off-side.
2:37 of 3rd period - T.J. Hensick wins face-off versus Evander Kane in neutral zone.
3:04 of 3rd period - Wrist shot by Evander Kane.
3:04 of 3rd period - Shot Misses the Net.
3:22 of 3rd period - Snap shot by Ben Smith.
3:22 of 3rd period - Stopped by Ondrej Pavelec with a rebound.
4:00 of 3rd period - Penalty to Braydon Coburn is over, Braydon Coburn is back on ice.
4:04 of 3rd period - Snap shot by Ben Smith.
4:04 of 3rd period - Shot Misses the Net.
4:14 of 3rd period - Evander Kane is hit by Jake Gardiner.
4:36 of 3rd period - Wrist shot by Ben Smith.
4:36 of 3rd period - Stopped by Ondrej Pavelec with a rebound.
4:58 of 3rd period - Slapshot by Bo Horvat.
4:58 of 3rd period - Shot Blocked by Carson Mcmillan.
5:00 of 3rd period - Slapshot by Jon Merrill.
5:00 of 3rd period - Shot Blocked by Carson Mcmillan.
5:02 of 3rd period - Slapshot by Bo Horvat.
5:02 of 3rd period - Shot Blocked by Carson Mcmillan.
5:30 of 3rd period - Snap shot by Ben Smith.
5:30 of 3rd period - Shot Misses the Net.
5:32 of 3rd period - Slapshot by John Klingberg.
5:32 of 3rd period - Shot Misses the Net.
5:34 of 3rd period - Wrist shot by Ben Smith.
5:34 of 3rd period - Deflect By Bo Horvat.
5:34 of 3rd period - Shot Misses the Net.
5:34 of 3rd period - Puck is out of play.
5:35 of 3rd period - Charlie Coyle wins face-off versus Aleksander Barkov in Red Wings zone.
6:12 of 3rd period - Snap shot by Dylan Larkin.
6:12 of 3rd period - Shot Misses the Net.
6:14 of 3rd period - Snap shot by Danton Heinen.
6:14 of 3rd period - Stopped by Pavel Francouz with a rebound.
6:16 of 3rd period - Slapshot by Connor Brown.
6:16 of 3rd period - Shot Blocked by Haydn Fleury.
7:12 of 3rd period - Jonathan Drouin is hit by Brandon Saad and loses puck.
7:17 of 3rd period - Wrist shot by Nicholas Baptiste.
7:17 of 3rd period - Shot Blocked by Philip Samuelsson.
7:39 of 3rd period - Cal Clutterbuck is hit by Jason Zucker.
8:18 of 3rd period - Jason Zucker is hit by Braydon Coburn.
8:33 of 3rd period - Dylan Larkin is hit by Zach Werenski and loses puck.
8:53 of 3rd period - Zach Werenski is hit by Jussi Jokinen and loses puck.
9:20 of 3rd period - Pontus Aberg is hit by Charlie Coyle.
11:35 of 3rd period - Icing by Jason Zucker.
11:36 of 3rd period - Elias Pettersson wins face-off versus T.J. Hensick in Maple Leafs zone.
12:22 of 3rd period - Minor Penalty to Dylan Larkin for Roughing.
12:23 of 3rd period - T.J. Hensick wins face-off versus Bo Horvat in Red Wings zone.
12:23 of 3rd period - T.J. Hensick is hit by Jon Merrill.
12:35 of 3rd period - Snap shot by Evander Kane.
12:35 of 3rd period - Goal by Evander Kane - Red Wings : 2 - Maple Leafs : 2.
12:36 of 3rd period - Jonathan Drouin wins face-off versus Evander Kane in neutral zone.
12:49 of 3rd period - Snap shot by Charlie Coyle.
12:49 of 3rd period - Shot Misses the Net.
13:22 of 3rd period - Minor Penalty to Greg Stewart for Hooking.
13:23 of 3rd period - Bo Horvat wins face-off versus T.J. Hensick in Red Wings zone.
14:16 of 3rd period - Bo Horvat is hit by Cal Clutterbuck and loses puck.
14:21 of 3rd period - Wrist shot by Cal Clutterbuck.
14:21 of 3rd period - Stopped by Pavel Francouz with a rebound.
14:59 of 3rd period - Jeff Schultz is hit by Bo Horvat and loses puck.
15:14 of 3rd period - Braydon Coburn is hit by Aleksander Barkov and loses puck.
15:22 of 3rd period - Penalty to Greg Stewart is over, Greg Stewart is back on ice.
16:05 of 3rd period - Wrist shot by Connor Brown.
16:05 of 3rd period - Shot Blocked by Brenden Dillon.
16:07 of 3rd period - Snap shot by Dylan Larkin.
16:07 of 3rd period - Shot Blocked by Haydn Fleury.
16:09 of 3rd period - Backhand shot by Jake Gardiner.
16:09 of 3rd period - Shot Blocked by Patrice Cormier.
16:11 of 3rd period - Snap shot by Drew Fata.
16:11 of 3rd period - Shot Blocked by Brenden Dillon.
16:50 of 3rd period - Slapshot by Elias Pettersson.
16:50 of 3rd period - Shot Misses the Net.
16:52 of 3rd period - Snap shot by Elias Pettersson.
16:52 of 3rd period - Shot Blocked by Jeff Schultz.
17:02 of 3rd period - Jon Merrill is hit by T.J. Hensick and loses puck.
17:13 of 3rd period - Minor Penalty to Cal Clutterbuck for Hooking.
17:14 of 3rd period - Bo Horvat wins face-off versus T.J. Hensick in Red Wings zone.
17:25 of 3rd period - Wrist shot by Evander Kane.
17:25 of 3rd period - Shot Misses the Net.
17:27 of 3rd period - Slapshot by Jon Merrill.
17:27 of 3rd period - Shot Blocked by Braydon Coburn.
17:29 of 3rd period - Wrist shot by Ben Smith.
17:29 of 3rd period - Goal by Ben Smith - Red Wings : 2 - Maple Leafs : 3.
17:30 of 3rd period - T.J. Hensick wins face-off versus Elias Pettersson in neutral zone.
17:33 of 3rd period - Elias Pettersson is hit by Greg Stewart.
17:57 of 3rd period - Dylan Larkin is hit by Ben Smith.
18:17 of 3rd period - Evander Kane is hit by Drew Fata and loses puck.
18:26 of 3rd period - Slapshot by Zach Werenski.
18:26 of 3rd period - Deflect By Evander Kane.
18:26 of 3rd period - Shot Misses the Net.
18:26 of 3rd period - Puck is out of play.
18:27 of 3rd period - T.J. Hensick wins face-off versus Elias Pettersson in Red Wings zone.
18:27 of 3rd period - T.J. Hensick is hit by Elias Pettersson.
18:56 of 3rd period - Off-side.
18:57 of 3rd period - Bob Hartley call a timeout for Red Wings.
18:57 of 3rd period - Bo Horvat wins face-off versus Dylan Larkin in neutral zone.
19:02 of 3rd period - Snap shot by Ben Smith.
19:02 of 3rd period - Shot Misses the Net.
19:12 of 3rd period - Red Wings, Ondrej Pavelec is pulled from the net.
19:47 of 3rd period - Jon Merrill is hit by Connor Brown and loses puck.
19:56 of 3rd period - Wrist shot by Dylan Larkin.
19:56 of 3rd period - Stopped by Pavel Francouz with a rebound.
Goals for this period are 0 for Red Wings vs 2 for Maple Leafs.
Shots for this period are 4 for Red Wings vs 10 for Maple Leafs.